 Dungeon Sprint DCSS version 0.26-a0-1026-g544776af23 (webtiles) character file.

Game seed: 14758358153719800953

50 sahdkjhfkaj the Ducker (level 3, 0/18 HPs)
             Began as a Felid Berserker on Dec 9, 2020.
             Was a Priest of Trog.
             Killed by vampiric draining
             ... invoked by a vampire
              (18 damage)
             ... in the Dungeon (Sprint IX: "|||||||||||||||||||||||||||||").
             The game lasted 00:00:24 (369 turns).

sahdkjhfkaj the Ducker (Felid Berserker)             Turns: 369, Time: 00:00:24

Health: 0/18       AC:  5    Str: 14    XL:     3   Next: 55%
Magic:  4/4        EV: 21    Int:  8    God:    Trog [***...]
Gold:   0          SH:  0    Dex: 15    Spells: 2/2 levels left
                                        Lives:  0   Deaths: 0

rFire    . . .     SeeInvis +     - Unarmed
rCold    . . .     Faith    .   (shield unavailable)
rNeg     . . .     Spirit   .   (armour unavailable)
rPois    .         Reflect  .   (helmet unavailable)
rElec    .         Harm     .   (cloak unavailable)
rCorr    .         Rampage  .   (gloves unavailable)
Will     .....     NoTele   +   (boots unavailable)
Stlth    +++.......             (no amulet)
HPRegen  0.06/turn              k - +2 ring of protection
MPRegen  0.09/turn              j - +2 ring of protection

@: quick
A: very small, no armour, no weapons or thrown items, stealth, claws 1, fangs 3,
see invisible, speed 1, shaggy fur 1, sharp paws
a: Berserk, Trog's Hand, Renounce Religion


You were in the Dungeon.
You worshipped Trog.
Trog was most pleased with you.
You visited 1 branch

Inventory:

Jewellery
 j - a +2 ring of protection (right paw)
 k - a +2 ring of protection (left paw)
Wands
 i - a wand of acid (10)
Scrolls
 f - 2 scrolls of blinking
 h - 3 scrolls of remove curse
Potions
 a - 5 potions of curing
 b - 2 potions of heal wounds
 c - a potion of haste
 d - 4 potions of magic
 e - a potion of berserk rage
 g - a potion of invisibility


   Skills:
 + Level 4.6 Fighting
 + Level 6.1 Dodging
 + Level 4.7 Stealth
 + Level 4.6 Unarmed Combat


You had 2 spell levels left.
You didn't know any spells.
Your spell library was empty.

Dungeon Overview and Level Annotations

Branches:
Dungeon (1/1)

Altars:
Cheibriados
Dithmenos
Elyvilon
Fedhas
Gozag
Hepliaklqana
Kikubaaqudgha
Makhleb
Nemelex Xobeh
Okawaru
Qazlal
Ru
Sif Muna
Trog
Uskayaw
Vehumet
Wu Jian
Xom
Yredelemnul
Zin
The Shining One
Beogh
Jiyva
Lugonu


Innate Abilities, Weirdness & Mutations

You cannot wear armour.
You are incapable of wielding weapons or throwing items.
Your paws allow you to move quietly. (Stealth)
You have sharp claws.
You have razor-sharp teeth.
You have supernaturally acute eyesight. (SInv)
You cover ground quickly.
You are covered in fur. (AC +1)
Your sharp claws are effective at attacking unaware monsters.


Message History

You see here a +0 plate armour.
You open the door.
A yak, a scorpion, 2 orcs, a vampire and a skeleton come into view.
The orc priest is wielding a +2 hand axe of draining.
There is an open door to the Dungeon here.
The helpless vampire fails to defend itself.
You mangle the vampire!!
The vampire is severely damaged.
The orc priest shouts!
The vampire is infused with unholy energy.
Ouch! That really hurt!
* * * LOW HITPOINT WARNING * * *
The vampire draws life force from you and is healed!
The yak bellows!
You scratch the vampire. You bite the vampire.
The vampire is severely damaged.
You feel much better.
The vampire is infused with unholy energy.
Ouch! That really hurt!
You die... ▓▓▓▓▓▓▓▓▓▓▓▓▓▓▓▓▓▓▓▓▓▓▓▓ ______'.?).[[[..@VZYoos+ ▓▓▓▓▓▓▓▓▓▓▓▓▓▓▓▓▓▓▓▓▓▓▓▓

You could see a yak, a vampire, an orc warrior, a scorpion, an orc priest and a leopard gecko skeleton.

Vanquished Creatures
  A worker ant (D)
  2 adders (D)
  An adder zombie (D)
  A bat skeleton (D)
  2 bats (D)
  A kobold (D)
  2 rats (D)
10 creatures vanquished.

Notes
Turn   | Place    | Note
-------+----------+-------------------------------------------
     0 | D        | sahdkjhfkaj the Felid Berserker began the quest for the
                  | Orb.
     0 | D        | Reached XP level 1. HP: 10/10 MP: 2/2
     7 | D        | Reached skill level 1 in Stealth
     8 | D        | Reached ** piety under Trog
     8 | D        | Banished a spatial maelstrom
   157 | D        | Noticed a worker ant
   161 | D        | Reached skill level 5 in Dodging
   161 | D        | Reached XP level 2. HP: 15/15 MP: 3/3
   161 | D        | Reached *** piety under Trog
   170 | D        | Reached skill level 6 in Dodging
   170 | D        | Reached XP level 3. HP: 18/18 MP: 4/4
   309 | D        | Found a roughly hewn altar of Beogh.
   309 | D        | Found a snail-covered altar of Cheibriados.
   309 | D        | Found a shadowy altar of Dithmenos.
   309 | D        | Found a white marble altar of Elyvilon.
   309 | D        | Found a blossoming altar of Fedhas.
   309 | D        | Found an opulent altar of Gozag.
   310 | D        | Found a hazy altar of Hepliaklqana.
   311 | D        | Found a viscous altar of Jiyva.
   312 | D        | Found an ancient bone altar of Kikubaaqudgha.
   313 | D        | Found a corrupted altar of Lugonu.
   314 | D        | Found a burning altar of Makhleb.
   315 | D        | Found a sparkling altar of Nemelex Xobeh.
   316 | D        | Found an iron altar of Okawaru.
   317 | D        | Found a stormy altar of Qazlal.
   318 | D        | Found a sacrificial altar of Ru.
   319 | D        | Found a shimmering blue altar of Sif Muna.
   320 | D        | Found a bloodstained altar of Trog.
   321 | D        | Found a hide-covered altar of Uskayaw.
   322 | D        | Found a radiant altar of Vehumet.
   323 | D        | Found an ornate altar of the Wu Jian Council.
   324 | D        | Found a shimmering altar of Xom.
   325 | D        | Found a basalt altar of Yredelemnul.
   326 | D        | Found a glowing silver altar of Zin.
   327 | D        | Found a glowing golden altar of the Shining One.
   365 | D        | Noticed a vampire
   365 | D        | Noticed a yak
   365 | D        | Noticed an orc warrior
   365 | D        | Noticed a scorpion
   369 | D        | Killed from afar by a vampire

Illustrated notes

Levels and vault maps discovered:
D:        linesprint [early_d, line_temple, items_1, d_10, items_2, lair_1,
          lair_end, items_3, orc_1, orc_end, items_4, d_15, swamp_1, shoals_1,
          snake_1, spider_1, d_20, vaults_1, items_5, swamp_end, shoals_end,
          snake_end, spider_end, vaults_end, d_27, items_6, zot_1, zot_end,
          crypt_end, forest_end, elf_end, slime_end, tomb_end, abyss_end,
          pan_hell_end]

Skill      XL: |  1  2 |
---------------+-------+-----
Stealth        | 2 4 |  4.7
Dodging        | 5 6 |  6.1
Fighting       | 4 |  4.6
Unarmed Combat | 4 |  4.6

Action                   || total
-------------------------++-------
Melee: Unarmed           ||    17
       Bite              ||     2
       Punch             ||     1
Invok: Berserk           ||     2
  Use: Potion            ||     1
 Stab: Sleeping          ||     1
Dodge: Dodged            ||    14

Table legend: (Time is in decaauts)
 A = Elapsed time spent in this place.
 B = Non-inter-level travel time spent in this place.
 C = Inter-level travel time spent in this place.
 D = Time resting spent in this place.
 E = Time spent auto-exploring this place.
 F = Levels seen in this place.
 G = Mean time per level.
                   A        B        C        D        E       F      G
               +--------+--------+--------+--------+--------+-----+--------+
         Total |    372 |    372 |      0 |    297 |     30 |   1 |  372.0 |
       Dungeon |    372 |    372 |      0 |    297 |     30 |   1 |  372.0 |
               +--------+--------+--------+--------+--------+-----+--------+

Top non-repeatable levels by time:
       D: 372 daAuts
